 Dungeon Crawl Stone Soup version 0.28-a0-845-gfc338a8e3c (webtiles) character file.

Game seed: 13251433059372090516

0 spiderkeys the Ducker (level 1, -19/13 HPs)
             Began as a Deep Elf Abyssal Knight on Nov 13, 2021.
             Was a Follower of Lugonu.
             Killed by an exploding bloated husk (32 damage)
             ... on level 2 of the Abyss.
             The game lasted 00:00:12 (183 turns).

spiderkeys the Ducker (Deep Elf Abyssal Knight)      Turns: 183, Time: 00:00:13

Health: -19/13     AC:  3    Str: 10    XL:     1   Next: 0%
Magic:  4/4        EV: 12    Int: 14    God:    Lugonu [*.....]
Gold:   0          SH:  0    Dex: 15    Spells: 0/0 levels left

rFire   . . .      SeeInvis .   a - +1 short sword
rCold   . . .      Faith    .   (no shield)
rNeg    . . .      Spirit   .   b - +0 leather armour
rPois   .          Reflect  .   (no helmet)
rElec   .          Harm     .   (no cloak)
rCorr   .          Rampage  .   (no gloves)
Will    .....                   (no boots)
Stlth   +.........              (no amulet)
HPRegen 0.04/turn               (no ring)
MPRegen 0.09/turn               (no ring)

@: slowed, very slow
A: no striking features
a: Renounce Religion, Depart the Abyss


You were on level 2 of the Abyss.
You worshipped Lugonu.
Lugonu was aware of your devotion.
You visited 0 branches of the dungeon, and saw 0 of its levels.
You visited the Abyss 1 time.


   Skills:
 + Level 2.4 Fighting
 + Level 2.0 Short Blades
 + Level 0.7 Armour
 + Level 2.4 Dodging
 + Level 2.0 Invocations


You couldn't memorise any spells.
You didn't know any spells.
Your spell library was empty.

Inventory:

Hand Weapons
 a - a +1 short sword (weapon)
Missiles
 c - 2 javelins
Armour
 b - a +0 leather armour (worn)

Dungeon Overview and Level Annotations

Branches:
Dungeon (0/15)

Altars:

...##.#..#......
.....#..#........
.....#..##.....
#.............
#..#.P#....#.
##..#.....#..
#.n.#..#....... #
..# #........#
..J#.#.n.#@.....#
P.#≈.....##......#
.$(!P#P# #....##
≈#)8)#P# ....#
≈}$$ ..... ..P
#.##. .# .


There were no monsters in sight!


Message History

🤖 Initializing magus.rc ... ✅ Successfully initialized magus.rc [v1.9.10] Welcome, spiderkeys the Deep Elf Abyssal Knight.
Will you prevail where others failed? Will you find the Orb of Zot?
Lugonu says: Depart the Abyss and spread corruption, my servant! (use the ability menu to exit the Abyss) Press ? for a list of commands and other information.
Found a corrupted altar of Lugonu.
c - 2 javelins
Found a gateway leading deeper into the Abyss.
There is a gateway leading deeper into the Abyss here.
The thrashing horror roars!
You plunge deeper into the Abyss.
An acid blob and a bloated husk come into view.
The acid blob quivers.
A bog body comes into view.
The bog body casts a spell at you.
You feel yourself slow down.
The bloated husk explodes!
The blast of putrescent gases engulfs you!!
Ouch! That really hurt!
You die...

Levels and vault maps discovered:
Abyss:2:  base: Temple, hangedman_abyss_theft

Notes
Turn   | Place    | Note
-------+----------+-------------------------------------------
     0 | Abyss:1  | spiderkeys the Deep Elf Abyssal Knight began the quest for
                  | the Orb.
     0 | Abyss:1  | Reached XP level 1. HP: 13/13 MP: 4/4
     0 | Abyss:1  | magus.rc [v1.9.10]
   177 | Abyss:1  | Noticed a thrashing horror
   180 | Abyss:2  | Noticed a bloated husk
   180 | Abyss:2  | Noticed an acid blob
   181 | Abyss:2  | Noticed a bog body
   183 | Abyss:2  | Killed a bloated husk
   183 | Abyss:2  | Killed by an exploding bloated husk

Vanquished Creatures (others)
  A bloated husk (Abyss:2)
1 creature vanquished.

Table legend:
 A = Non-vault XP
 B = Vault XP
 C = Vault XP percentage of total XP
 D = Non-vault monster count
 E = Vault monster count
 F = Vault count percentage of total count
                 A         B        C        D         E       F
            +---------+---------+-------+---------+---------+-------
      Total |       0 |       0 |   N/A |       0 |       0 |  -nan
            +---------+---------+-------+---------+---------+-------
            +---------+---------+-------+---------+---------+-------

Illustrated notes

Table legend: (Time is in decaauts)
 A = Elapsed time spent in this place.
 B = Non-inter-level travel time spent in this place.
 C = Inter-level travel time spent in this place.
 D = Time resting spent in this place.
 E = Time spent auto-exploring this place.
 F = Levels seen in this place.
 G = Mean time per level.
                   A        B        C        D        E       F      G
               +--------+--------+--------+--------+--------+-----+--------+
         Total |    183 |    183 |      0 |      0 |    161 |   2 |   91.5 |
         Abyss |    183 |    183 |      0 |      0 |    161 |   2 |   91.5 |
               +--------+--------+--------+--------+--------+-----+--------+

Top non-repeatable levels by time:
 Abyss:1: 179 daAuts
 Abyss:2: 4 daAuts
